 Dungeon Crawl Stone Soup version 0.18.1-48-g4cf74bf (webtiles) character file.

377 Joat the Changer (level 6, -2/30 HPs)
             Began as a Vine Stalker Transmuter on Aug 20, 2016.
             Slain by an ogre
             ... wielding a +0 giant club
              (20 damage)
             ... on level 4 of the Dungeon.
             The game lasted 00:16:23 (3118 turns).

Joat the Changer (Vine Stalker Transmuter)          Turns: 3118, Time: 00:16:24

Health: -2/30      AC:  2    Str: 12    XL:     6   Next: 73%
Magic:  0/11       EV: 15    Int: 15    God:
Gold:   96         SH:  0    Dex: 20    Spells: 3 memorised, 3 levels left

rFire  . . .     SeeInvis .       - Unarmed
rCold  . . .     Gourm    .     (armour currently unavailable)
rNeg   . . .     Faith    .     (shield currently unavailable)
rPois  x         Spirit   +     (helmet currently unavailable)
rElec  .         Dismiss  .     (cloak currently unavailable)
rCorr  .         Reflect  .     (gloves currently unavailable)
SustAt .         Harm     .     (boots currently unavailable)
MR     .....                    u - amulet of rage
Stlth  ++........               (no ring)
                                (no ring)

@: spider-form, not resistant to hostile enchantments, unstealthy
A: (fangs 0), regeneration 2, magic shield, (antimagic bite), no device heal 3,
rot immunity
a: End Transformation, Evoke Berserk Rage


You were on level 4 of the Dungeon.
You were not hungry.
You were a venomous arachnid creature.
You visited 1 branch of the dungeon, and saw 4 of its levels.

You collected 96 gold pieces.

Inventory:

Hand Weapons
 m - a +1 dagger of venom (melded)
 w - a +0 blowgun
Missiles
 a - 12 arrows
 x - 22 poisoned needles
Armour
 b - a +0 robe (melded)
 s - a +0 cloak (melded)
 y - a +0 shield
Jewellery
 u - an amulet of rage (around neck)
Scrolls
 e - a scroll of immolation {unknown}
 f - a scroll of recharging {unknown}
 g - a scroll of magic mapping {unknown}
 j - 2 scrolls of blinking {unknown}
 n - 3 scrolls of identify {unknown}
 p - a scroll of enchant armour {unknown}
 v - a scroll of amnesia {unknown}
 D - a scroll of fog {unknown}
Potions
 k - 2 potions of agility {unknown}
 l - a potion of curing {unknown}
 q - a potion of cure mutation {unknown}
 r - 2 potions of mutation {unknown}
 t - a potion of might {unknown}
 z - a potion of brilliance {unknown}
 C - a potion of heal wounds {unknown}
Books
 c - a book of Changes

   Spells                             Type                      Level
   a - Beastly Appendage              Transmutation                1
   b - Sticks to Snakes               Transmutation                2
   c - Spider Form                    Transmutation/Poison         3
   d - Ice Form                       Ice/Transmutation            4
   e - Blade Hands                    Transmutation                5
Comestibles
 d - 3 bread rations
 h - 2 beef jerkies
 i - a meat ration
 o - 2 fruits
 A - a slice of pizza
 B - 6 chunks of flesh


   Skills:
 + Level 1.6 Fighting
 + Level 2.1 Dodging
 * Level 3.8 Unarmed Combat
 - Level 3.0 Spellcasting
 - Level 4.0 Transmutations
 + Level 1.5 Ice Magic
 - Level 3.0 Poison Magic


You had 3 spell levels left.
You knew the following spells:

 Your Spells              Type           Power        Failure   Level  Hunger
c - Ice Form              Ice/Trmt       ##......     85%         4    #####..
q - Beastly Appendage     Trmt           ##....       14%         1    #......
v - Spider Form           Trmt/Pois      ##........   36%         3    ###....


Dungeon Overview and Level Annotations

Branches:
Dungeon (4/15)
 Temple: D:4-7

Altars:
Nemelex Xobeh
Sif Muna
Trog

Annotations:
D:3 exclusion: door
D:4 Heedrag's ghost, novice MiFi


Innate Abilities, Weirdness & Mutations

((You have extremely sharp teeth.))
You heal very quickly.
When hurt, damage is shared between your health and your magic reserves.
((Your bite disrupts and absorbs the magic of your enemies.))
Potions and wands cannot restore your health.
You are immune to rotting.


Message History

Level annotation: Heedrag's ghost, novice MiFi A giant gecko, a worker ant, a scorpion and an ogre come into view.
Found a meat ration, 17 gold pieces, 13 poisoned needles and a ruby potion.
There is a stone staircase leading up here.
Casting: Spider Form
Confirm with . or Enter, or press ? or * to list all spells.
You turn into a venomous arachnid creature.
Your +1 dagger of venom melds into your body.
Your +0 cloak melds into your body.
Your +0 robe melds into your body.
Your +1 dagger of venom stops dripping with poison.
The worker ant twitches its antennae in your direction.
You hit the ogre but do no damage.
The ogre is poisoned.
The ogre closely misses you.
You bite the ogre!
The ogre looks even sicker.
The ogre is moderately wounded.
The ogre hits you with a giant club! The worker ant bites you.
The giant gecko closely misses you. The worker ant bites you.
The ogre hits you with a giant club!!
Ouch! That really hurt!
You die...

### #.. ### #..
..# .######..
... ......... #
#s## ######<#
###.###.. #.#
....$$..#####..
#.#
#...asO.%....
#..
........l##....
...##
........... .
.......
..#..........
.#.#.## !
#.....####.(. #
#... #.....+ ..
## #.....# #
#.#...#


You could see an ogre, a scorpion, a worker ant and a giant gecko.

Vanquished Creatures
  A centaur skeleton (D:4)
  Crazy Yiuf (D:2)
  A worker ant (D:4)
  Terence (D:2)
  Natasha (thrice) (D:2)
  4 gnolls (D:2)
  6 adders
  An ooze (D:1)
  4 worms
  9 orcs
  6 giant cockroaches
  6 hobgoblins
  7 jackals
  2 ball pythons (D:1)
  5 bats
  3 giant newts (D:1)
  9 goblins
  11 kobolds
  6 rats
  A fungus (D:2)
87 creatures vanquished.

Notes
Turn   | Place    | Note
--------------------------------------------------------------
     0 | D:1      | Joat the Vine Stalker Transmuter began the quest for the Orb.
     0 | D:1      | Reached XP level 1. HP: 9/9 MP: 4/4
   237 | D:1      | Reached XP level 2. HP: 6/14 MP: 3/6
   317 | D:1      | Reached skill level 3 in Transmutations
   543 | D:1      | You fall through a shaft!
   747 | D:1      | Reached XP level 3. HP: 17/17 MP: 7/7
   752 | D:1      | Learned a level 3 spell: Spider Form
   981 | D:2      | Noticed Natasha
   989 | D:2      | Killed Natasha
   989 | D:2      | Reached skill level 1 in Poison Magic
  1013 | D:2      | Reached XP level 4. HP: 17/21 MP: 8/8
  1024 | D:2      | Noticed Natasha
  1034 | D:2      | Killed Natasha
  1130 | D:2      | Noticed Crazy Yiuf
  1136 | D:2      | Killed Crazy Yiuf
  1136 | D:2      | Reached XP level 5. HP: 25/25 MP: 6/9
  1463 | D:2      | Noticed Natasha
  1470 | D:2      | Killed Natasha
  1470 | D:2      | Reached skill level 4 in Transmutations
  1482 | D:2      | Found a bloodstained altar of Trog.
  1558 | D:2      | Learned a level 4 spell: Ice Form
  1660 | D:2      | Reached skill level 1 in Fighting
  1681 | D:2      | Noticed Terence
  1693 | D:2      | Killed Terence
  1776 | D:2      | Gained mutation: You heal very quickly. [Vine Stalker growth]
  1776 | D:2      | Reached XP level 6. HP: 12/30 MP: 9/11
  2092 | D:3      | Found a sparkling altar of Nemelex Xobeh.
  2347 | D:3      | Reached skill level 1 in Ice Magic
  2754 | D:3      | Found a deep blue altar of Sif Muna.
  3041 | D:4      | Noticed Heedrag's ghost (novice MiFi)
  3118 | D:4      | Slain by an ogre

Skill      XL: |  1  2  3  4  5  6 |
---------------+-------------------+-----
Transmutations | 3 4 |  4.0
Poison Magic   | 2 3 |  3.0
Spellcasting   | 3 |  3.0
Fighting       | 1 |  1.6
Ice Magic      | 1 |  1.5
Dodging        | 2 |  2.1
Unarmed Combat | |  3.8

Action                   |  1- 3 |  4- 6 || total
-------------------------+-------+-------++-------
Melee: Unarmed           |    51 |    16 ||    67
       Bite              |    16 |    51 ||    67
       Punch             |     1 |     4 ||     5
       Dagger            |    31 |   186 ||   217
 Cast: Spider Form       |       |     3 ||     3
  Use: Scroll            |     1 |       ||     1
       Potion            |     1 |       ||     1
 Stab: Sleeping          |     2 |     1 ||     3
       Distracted        |       |     1 ||     1
  Eat: Chunk             |       |     8 ||     8
Armor: Robe              |    16 |    22 ||    38
Dodge: Dodged            |    52 |   136 ||   188
